 Dungeon Crawl Stone Soup version 0.29.0-4-gdea44cf6ec (webtiles) character file.

Game seed: 5489356839105982662

10 qw the Sneak (level 2, 0/19 HPs)
             Began as a Gargoyle Delver on Sept 10, 2022.
             Slain by an orc warrior
             ... wielding a +0 scimitar
              (11 damage)
             ... on level 6 of the Dungeon.
             The game lasted 00:00:06 (190 turns).

qw the Sneak (Gargoyle Delver)                       Turns: 190, Time: 00:00:06

Health: 0/19       AC:  5    Str: 15    XL:     2   Next: 20%
Magic:  2/2        EV: 11    Int: 10    God:
Gold:   17         SH:  0    Dex: 11    Spells: 1/1 levels left

rFire   . . .      SeeInvis .   a - +0 hand axe
rCold   . . .      Faith    .   (no shield)
rNeg    + . .      Spirit   .   b - +0 leather armour
rPois   inf        Reflect  .   (no helmet)
rElec   +          Harm     .   (no cloak)
rCorr   .          Rampage  .   (no gloves)
Will    .....                   (no boots)
Stlth   +++.......              (no amulet)
HPRegen 0.06/turn               (no ring)
MPRegen 0.08/turn               (no ring)

@: no status effects
A: sickness immunity, AC +2, negative energy resistance 1, electricity
resistance, torment resistance 1, petrification resistance
a: no special abilities


You were on level 6 of the Dungeon.
You visited 1 branch of the dungeon, and saw 3 of its levels.

You collected 17 gold pieces.


Innate Abilities, Weirdness & Mutations

You are immune to sickness and miasma.
Your stone body is resilient. (AC +2)
You are immune to poison.
You resist negative energy. (rN+)
You are resistant to electric shocks. (rElec)
You are resistant to unholy torment.
You are immune to petrification.


   Skills:
 - Level 3.2 Fighting
 + Level 2.5 Axes
 - Level 1.5 Dodging
 - Level 5.4 Stealth


You had one spell level left.
You didn't know any spells.
Your spell library was empty.

Inventory:

Hand Weapons
 a - a +0 hand axe (weapon)
 c - a +0 club
Armour
 b - a +0 leather armour (worn)
Wands
 g - a wand of digging (3)
Potions
 f - a potion of haste
 h - a potion of invisibility {unknown}

Dungeon Overview and Level Annotations

Branches:
Dungeon (6/15)
 Temple: D:4-7

Altars:


Message History

You start resting.
An orc wizard is nearby!
72 ||| Stepping ~*~*~tactically~*~*~ (stealth).
There is a stone staircase leading down here.
You start resting.
HP restored.
c - a +0 club You see here a goblin corpse.
You now have 17 gold pieces (gained 12).
A sourceless malevolence fills the Dungeon...
You fall into a shaft and drop 2 floors!
The shaft crumbles and collapses.
Found a stone staircase leading down.
Existing waypoints: (1) D:4 (2) D:5 Assign waypoint to what number? (0-9, D - delete waypoint) Waypoint 2 re-assigned from D:5 to D:6.
An adder comes into view.
The adder moves out of view.
The teleport trap disappears.
The orc priest disappears!
An orc warrior comes into view. It is wielding a +0 scimitar.
The orc warrior shouts!
You hear a shout!
You hear a loud, deep croak!
A hound comes into view.
The orc warrior unwields a +0 scimitar.
The orc warrior wields a +0 arbalest.
The orc warrior shoots a bolt.
The bolt barely misses you.
You hear a shout!
You hear a bark!
You hit the orc warrior but do no damage.
You hit the hound. The hound bites you.
The orc warrior unwields a +0 arbalest.
The orc warrior wields a +0 scimitar.
The orc warrior closely misses you. The hound bites you.
You barely miss the hound.
The hound is lightly wounded.
You barely miss the orc warrior. The hound bites you but does no damage.
The orc warrior barely misses you. The hound closely misses you.
The orc warrior hits you with a +0 scimitar!
Ouch! That really hurt!
You die...

#.##.# ..##.#
#..#.# # #....#
#. #.##..
#.###.##.#
#...#.##o#
###.#.##@#
#......h.####^###
#.#.#.##.........
#.#.#.#..........
#.#.#.#.#########
#.#.#.#.#
#.....#.#
....>....
###..####


You could see an orc warrior and a hound.

Vanquished Creatures
  An adder (D:5)
  A goblin (D:4)
2 creatures vanquished.

Notes
Turn   | Place    | Note
-------+----------+-------------------------------------------
     0 | D:5      | qw the Gargoyle Delver began the quest for the Orb.
     0 | D:5      | Reached XP level 1. HP: 14/14 MP: 1/1
     0 | D:5      | 0 ||| qw: Version: 0.1-a-116-g5d60599
     0 | D:5      | 0 ||| qw: Game counter: 7982
     0 | D:5      | 0 ||| qw: Always use a shield: true
     0 | D:5      | 0 ||| qw: God list: Okawaru
     0 | D:5      | 0 ||| qw: Allow faded altars: false
     0 | D:5      | 0 ||| qw: Do Orc after D:15 true
     0 | D:5      | 0 ||| qw: Do second Lair branch before Depths: true
     0 | D:5      | 0 ||| qw: Lair rune preference: random
     0 | D:5      | 0 ||| qw: Plans: Normal
     0 | D:5      | 0 ||| PLANNING D:1-11
    10 | D:5      | 10 ||| DROPPING scroll of fog.
    11 | D:5      | 11 ||| DROPPING scroll of magic mapping.
    12 | D:5      | 12 ||| DROPPING scroll of fear.
    47 | D:5      | Reached XP level 2. HP: 12/19 MP: 2/2
    47 | D:5      | 47 ||| STAIRDANCE
    67 | D:4      | 67 ||| Stepping ~*~*~tactically~*~*~ (stealth).
    72 | D:4      | 72 ||| Stepping ~*~*~tactically~*~*~ (stealth).
   167 | D:4      | You fall into a shaft and drop 2 floors!
   184 | D:6      | Noticed an orc warrior
   190 | D:6      | Slain by an orc warrior

Levels and vault maps discovered:
D:4:      layout_cave_pools, xom_teletrap_fun, lemuel_coloured_pillars_altar,
          minmay_temple_entry_arrows, ebering_ghost_sewer_d
D:5:      layout_rooms, uniq_blork_the_orc
D:6:      layout_basic, lemuel_tele_altar

Skill      XL: |  1 |
---------------+----+-----
Axes           | 2 |  2.5
Fighting       | |  3.2
Dodging        | |  1.5
Stealth        | |  5.4

Action                   || total
-------------------------++-------
Melee: Hand axe          ||    20
Armor: Leather armour    ||    10
Dodge: Dodged            ||    17

Table legend:
 A = Non-vault XP
 B = Vault XP
 C = Vault XP percentage of total XP
 D = Non-vault monster count
 E = Vault monster count
 F = Vault count percentage of total count
                 A         B        C        D         E       F
            +---------+---------+-------+---------+---------+-------
      Total |      15 |       0 |   0.0 |       2 |       0 |   0.0
            +---------+---------+-------+---------+---------+-------
        D:4 |       1 |       0 |   0.0 |       1 |       0 |   0.0
        D:5 |      14 |       0 |   0.0 |       1 |       0 |   0.0
            +---------+---------+-------+---------+---------+-------
